 Dungeon Crawl Stone Soup version 0.31-a0-263-ge8cad7f256 (webtiles) character file.

Game seed: 2316187655679726111

6044 dolemite99 the Mimic (level 10, 0/76 HPs)
             Began as a Troll Shapeshifter on July 14, 2023.
             Was a Follower of Hepliaklqana.
             Slain by a killer bee (6 damage)
             ... on level 10 of the Dungeon.
             The game lasted 00:10:35 (8494 turns).

dolemite99 the Mimic (Troll Shapeshifter)           Turns: 8494, Time: 00:10:35

Health: 0/76       AC:  5    Str: 29    XL:     10   Next: 57%
Magic:  9/9        EV:  9    Int:  4    God:    Hepliaklqana [*.....]
Gold:   427        SH:  0    Dex: 10    Spells: 9/9 levels left

rFire   . .          .
                       - Unarmed
rCold   . . .        (no shield)
rNeg    . . .        p - +1 animal skin
rPois   .            (helmet currently unavailable)
rElec   .            (cloak currently unavailable)
rCorr   .            (gloves unavailable)
SInv    .            (boots unavailable)
Will    ++...        F - amulet of magic regeneration
Stlth   +            B - ring of willpower
HPRegen 1.12/turn    D - ring of willpower
MPRegen 0.51/turn

%: no passive effects
@: lethally poisoned (0 -> -8), about to teleport, beast-form, studying Armour,
invisible
A: beast (slay +7), reduced essence, large, unfitting armour, claws 3,
regeneration 1, shaggy fur 1, tough skin 1
a: Begin Untransformation, Renounce Religion, Recall Ancestor, Ancestor Identity


You were on level 10 of the Dungeon.
You worshipped Hepliaklqana.
Hepliaklqana was aware of your devotion.
You were a hulking beast.
You visited 2 branches of the dungeon, and saw 11 of its levels.
You also visited: Sewer.

You collected 427 gold pieces.

Inventory:

Hand Weapons
 a - a +4 shortbow
 z - a +1 orcbow of flaming
 J - a +3 shortbow
Missiles
 d - 8 poisoned darts
 i - 4 boomerangs
 j - 5 large rocks
 C - 7 javelins
Armour
 p - a +1 animal skin (worn)
Magical Staves
 u - a staff of death
Jewellery
 w - a ring of flight
 B - a ring of willpower (left claw)
 D - a ring of willpower (right claw)
 F - an amulet of magic regeneration (around neck)
Talismans
 c - a beast talisman
Wands
 k - a wand of iceblast (17)
 t - a wand of flame (8)
 y - a wand of charming (11)
Scrolls
 e - a scroll of noise
 g - a scroll of teleportation
 h - a scroll of vulnerability
 r - 2 scrolls of revelation
 A - a scroll of immolation
 E - 2 scrolls of enchant armour
 H - 2 scrolls of fog
Potions
 b - a potion of brilliance {unknown}
 f - a potion of mutation {unknown}
 l - 2 potions of cancellation
 m - a potion of berserk rage {unknown}
 n - 2 potions of attraction
 o - 2 potions of magic
 q - a potion of heal wounds {unknown}
 s - 2 potions of might
 v - 2 potions of invisibility
 x - 2 potions of curing {unknown}
 G - a potion of resistance {unknown}
 I - a potion of ambrosia {unknown}


   Skills:
 - Level 1.5 Fighting
 - Level 1.5 Dodging
 + Level 9.3 Unarmed Combat
 * Level 11.5 Shapeshifting


You had 9 spell levels left.
You didn't know any spells.
Your spell library contained the following spells:

 Spells                   Type           Power      Damage    Failure   Level
 Sting                    Tmut/Pois      0%         1d3       50%         1
 Poisonous Vapours        Pois/Air       0%         N/A       65%         2
 Olgreb's Toxic Radiance  Pois           0%         N/A       99%         4


Dungeon Overview and Level Annotations

Branches:
Dungeon (10/15)            Temple (1/1) D:7           Sewer (visited)
   Lair: D:8-11         Orc: D:9-12

Altars:
Ashenzari
Cheibriados
Dithmenos
Elyvilon
Fedhas
Gozag
Hepliaklqana
Kikubaaqudgha
Makhleb
Nemelex Xobeh
Okawaru
Qazlal
Ru
Sif Muna
Trog
Uskayaw
Vehumet
Wu Jian
Xom
Yredelemnul
Zin
The Shining One

Shops:
D:2 =


Innate Abilities, Weirdness & Mutations

You are a hulking beast.
Your limbs bulge with bestial killing power. (Slay +7)
Your life essence is reduced to manifest your ancestor. (-10% HP)
You are too large for most types of armour.
You have claws for hands.
Your natural rate of healing is unusually fast.
You are covered in fur. (AC +1)
You have tough skin. (AC +1)


Message History

Nhalahla closely misses the killer bee.
You claw the killer bee!
The killer bee is almost dead.
You feel very sick.
The killer bee barely misses Nhalahla.
The killer bee stings Nhalahla.
You closely miss the killer bee.
The killer bee is almost dead.
You feel sick.
The killer bee stings Nhalahla!
Nhalahla is destroyed!
The killer bee completely misses you. The killer bee stings you!
You feel very sick. The killer bee stings you.
Okay, then.
As you read the scroll of teleportation, it crumbles to dust.
You feel strangely unstable.
You feel sick. The killer bee closely misses you.
The killer bee stings you but does no damage.
The killer bee closely misses you.
The killer bee stings you but does no damage. x2
You claw the killer bee!
The killer bee is heavily wounded.
You feel sick. The killer bee stings you. The killer bee stings you!
* * * LOW HITPOINT WARNING * * *
The killer bee stings you.
* * * LOW HITPOINT WARNING * * *
You are more poisoned.
The killer bee poisons you!
The killer bee stings you but does no damage.
The killer bee stings you.
* * * LOW HITPOINT WARNING * * *
The killer bee barely misses you. The killer bee stings you.
* * * LOW HITPOINT WARNING * * *
You are lethally poisoned!
The killer bee poisons you!
It was a potion of invisibility.
You fade into invisibility!
* * * LOW HITPOINT WARNING * * *
You feel very sick.
The killer bee stings you but does no damage.
The killer bee stings you.
You die...

## ................. .#
....>...........# .##
................# ..#
#...............# #.##
#.........)....# ...#
#####..........# .#.##
#####.......####
##..###.....###yyy.##
###.....########hyy.###
#............#####....##
.......................#
.##.........)............##
###.................##.....#
#.................# #....)##
# #.................#
#.....####
#.................#
#.........
#.............?...#
#.....>...


You could see 5 killer bees.

Vanquished Creatures
  2 two-headed ogres (D:9)
  A wyvern (D:8)
  4 yaks (D:10)
  The ghost of Shard1697 the Caller, an amateur DrHW of Dithmenos (D:3)
  2 acid dragons (D:9)
  2 water moccasins
  2 black bears
  2 ice beasts
  An ogre (D:5)
  11 centaurs
  A kobold brigand (D:8)
  3 bullfrogs
  A scorpion (D:5)
  15 wights
  A killer bee (D:10)
  3 howler monkeys (D:9)
  5 hounds
  5 jellies
  2 orc priests (D:6)
  A sleepcap (D:5)
  A gnoll bouda (D:5)
  2 iguanas (D:5)
  7 orc wizards
  3 gnolls (D:5)
  7 adders
  A shadow imp (D:7)
  2 ufetubi
  5 worms
  5 dart slugs
  19 orcs
  7 bats
  7 endoplasms
  2 giant cockroaches (D:2)
  7 goblins
  3 hobgoblins
  9 jackals
  3 quokkas
  7 ball pythons
  5 frilled lizards
  14 kobolds
  3 rats
184 creatures vanquished.

Vanquished Creatures (collateral kills)
  A yak (D:10)
1 creature vanquished.

Vanquished Creatures (others)
  An ancestor (D:10)
  An orc wizard (D:7)
2 creatures vanquished.

Grand Total: 187 creatures vanquished

Notes
Turn   | Place    | Note
-------+----------+-------------------------------------------
     0 | D:1      | dolemite99 the Troll Shapeshifter began the quest for the
                  | Orb.
     0 | D:1      | Reached XP level 1. HP: 19/19 MP: 0/0
    66 | D:1      | Reached XP level 2. HP: 27/27 MP: 1/1
   355 | D:1      | Reached XP level 3. HP: 32/33 MP: 2/2
   471 | D:1      | Reached skill level 4 in Shapeshifting
   792 | D:2      | Found Waxisi's Jewellery Boutique.
   934 | D:2      | Reached XP level 4. HP: 41/41 MP: 3/3
  1285 | D:3      | Noticed a centaur
  1289 | D:3      | Killed a centaur
  1290 | D:3      | Reached skill level 5 in Shapeshifting
  1290 | D:3      | Reached XP level 5. HP: 40/48 MP: 4/4
  1606 | D:3      | Found a large runed translucent door.
  1606 | D:3      | Found a large runed translucent door.
  1970 | D:3      | Noticed Shard1697's ghost (amateur DrHW)
  2115 | D:3      | Killed Shard1697's ghost
  2116 | D:3      | Reached XP level 6. HP: 46/55 MP: 5/5
  2186 | D:4      | You fall into a shaft and drop 2 floors!
  2193 | D:6      | Found a glowing drain.
  2216 | Sewer    | Entered a sewer
  2282 | Sewer    | Noticed a water moccasin
  2307 | Sewer    | Killed a water moccasin
  2578 | D:6      | Reached skill level 6 in Shapeshifting
  2612 | D:5      | Entered Level 5 of the Dungeon
  2780 | D:5      | Reached XP level 7. HP: 50/62 MP: 6/6
  2967 | D:5      | Reached skill level 7 in Shapeshifting
  2977 | D:5      | Reached skill level 5 in Unarmed Combat
  3035 | D:5      | Reached XP level 8. HP: 70/70 MP: 7/7
  3664 | D:6      | Reached skill level 8 in Shapeshifting
  4040 | D:6      | Found an ancient bone altar of Kikubaaqudgha.
  4542 | D:7      | Reached XP level 9. HP: 76/76 MP: 8/8
  4711 | D:7      | Reached skill level 9 in Shapeshifting
  5128 | D:7      | Found a staircase to the Ecumenical Temple.
  6233 | D:8      | Found a large runed translucent door.
  6234 | D:8      | Found a large runed translucent door.
  6249 | D:8      | Reached skill level 10 in Shapeshifting
  6721 | D:8      | Found a broken altar of Ashenzari.
  6731 | D:8      | Found a bloodstained altar of Trog.
  6816 | Temple   | Entered the Ecumenical Temple
  6852 | Temple   | Became a worshipper of Hepliaklqana the Forgotten
  6947 | D:9      | Noticed a two-headed ogre
  6956 | D:9      | Killed a two-headed ogre
  6957 | D:9      | Reached XP level 10. HP: 42/85 MP: 9/9
  7712 | D:9      | Noticed a two-headed ogre
  7722 | D:9      | Killed a two-headed ogre
  7723 | D:9      | Reached skill level 11 in Shapeshifting
  8050 | D:10     | Entered Level 10 of the Dungeon
  8232 | D:10     | Reached * piety under Hepliaklqana
  8494 | D:10     | Slain by a killer bee

Illustrated notes

Levels and vault maps discovered:
D:1:      dpeg_arrival_fog, layout_basic
D:2:      layout_rooms, serial_shops, shop, grunt_decor_cap
D:3:      layout_basic, ebering_ghost_disaster_area, minmay_goblin_kobold_house
D:4:      minmay_door_path, layout_rooms, gammafunk_ghost_arena
D:5:      layout_basic
D:6:      layout_basic, lemuel_coloured_pillars_altar,
          cheibrodos_sewer_entry_drain
D:7:      layout_rooms, minmay_temple_entry_large_hall, enter_bailey_8,
          minmay_manual_mares
D:8:      layout_rooms, jmf_multi_god_temple2
D:9:      layout_irregular_city
D:10:     layout_cave_pods, erik_lair_dragon
Temple:   hellmonk_temple_of_storms

Skill      XL: |  1  2  3  4  5  6  7  8  9 10 |
---------------+-------------------------------+-----
Shapeshifting  | 4 5 6 7 8 10 11 | 11.5
Unarmed Combat | 3 4 5 6 8 9 |  9.3
Fighting       | |  1.5
Dodging        | |  1.5

Action                     |  1- 3 |  4- 6 |  7- 9 | 10-12 || total
---------------------------+-------+-------+-------+-------++-------
  Melee: Unarmed           |    87 |    88 |   131 |    21 ||   327
         Punch             |       |     2 |     4 |       ||     6
   Fire: Orcbow            |       |    25 |   119 |       ||   144
         Shortbow          |       |       |    36 |    46 ||    82
    Use: Scroll            |       |    10 |     4 |     2 ||    16
         Potion            |       |     1 |       |     1 ||     2
   Stab: Sleeping          |     3 |     1 |       |       ||     4
 Armour: Animal skin       |    52 |    32 |    70 |     9 ||   163
         Skin              |       |    17 |       |       ||    17
  Dodge: Dodged            |    31 |    37 |   116 |    25 ||   209

Table legend: (Time is in decaauts)
 A = Elapsed time spent in this place.
 B = Non-inter-level travel time spent in this place.
 C = Inter-level travel time spent in this place.
 D = Time resting spent in this place.
 E = Time spent auto-exploring this place.
 F = Levels seen in this place.
 G = Mean time per level.
                   A        B        C        D        E       F      G
               +--------+--------+--------+--------+--------+-----+--------+
         Total |   8531 |   8211 |    320 |   2566 |   4046 |  12 |  710.9 |
       Dungeon |   8131 |   7820 |    311 |   2349 |   3965 |  10 |  813.1 |
        Temple |     45 |     37 |      8 |      0 |     18 |   1 |   45.0 |
         Sewer |    354 |    354 |      0 |    217 |     63 |   1 |  354.0 |
               +--------+--------+--------+--------+--------+-----+--------+

Top non-repeatable levels by time:
     D:7: 1373 daAuts
     D:9: 1153 daAuts
     D:6: 1136 daAuts
     D:3: 1049 daAuts
     D:8: 978 daAuts
     D:5: 844 daAuts
     D:1: 662 daAuts
     D:2: 480 daAuts
    D:10: 452 daAuts
   Sewer: 354 daAuts
  Temple: 45 daAuts
